 Dungeon Crawl Stone Soup version 0.31.0-9-g3a7656b989 (webtiles) character file.

Game seed: 17725573204481427537

1978 qw the Nimble (level 9, -1/33 (44) HPs)
             Began as a Spriggan Hunter on Feb 2, 2024.
             Was an Initiate of Okawaru.
             Killed by divine providence
             ... invoked by Jeremiah
              (10 damage)
             ... on level 6 of the Dungeon.
             The game lasted 00:00:35 (5738 turns).

qw the Nimble (Spriggan Hunter)                     Turns: 5738, Time: 00:00:36

HP:   -1/33 (44)    AC:  2    Str:  7      XL:     9   Next: 1%
MP:   10/10         EV: 27    Int: 11      God:    Okawaru [......]
Gold: 514           SH:  0    Dex: 25 (28) Spells: 8/8 levels left

rFire   + . .        k - +0 orcbow
rCold   . . .        (shield currently unavailable)
rNeg    . . .        c - +0 robe
rPois   .            (helmet restricted)
rElec   .            (no cloak)
rCorr   .            (gloves unavailable)
SInv    +            (boots unavailable)
Will    +....        (no amulet)
Stlth   ++           h - ring of protection from fire
HPRegen 0.25/turn    o - +6 ring of dexterity
MPRegen 0.12/turn

%: no passive effects
@: about to teleport, very heavily drained, very quick
A: very small, no large weapons, unfitting armour, see invisible, speed 3
a: Renounce Religion


You were on level 6 of the Dungeon.
You worshipped Okawaru.
Okawaru was noncommittal.
You visited 2 branches of the dungeon, and saw 7 of its levels.
You also visited: Ossuary.

You collected 514 gold pieces.


Innate Abilities, Weirdness & Mutations

You are very small and have problems with some larger weapons.
You are too small for most types of armour.
You have supernaturally acute eyesight. (SInv)
You cover ground extremely quickly. (Speed+++)


   Skills:
 - Level 3.0 Fighting
 + Level 9.5 Ranged Weapons
 - Level 10.0 Dodging
 - Level 1.5 Stealth


You had 8 spell levels left.
You didn't know any spells.
Your spell library was empty.

Inventory:

Hand Weapons
 k - a +0 orcbow (weapon)
Armour
 c - a +0 robe (worn)
Jewellery
 h - a ring of protection from fire (left hand)
 o - a +6 ring of dexterity (right hand)
Scrolls
 a - a scroll of identify
 j - 3 scrolls of enchant armour
Potions
 b - 4 potions of enlightenment
 f - 2 potions of heal wounds
 i - 2 potions of might
 l - 6 potions of curing

Dungeon Overview and Level Annotations

Branches:
Dungeon (6/15)             Temple (1/1) D:5         Ossuary (visited)

Altars:
Ashenzari
Cheibriados
Fedhas
Hepliaklqana
Makhleb
Nemelex Xobeh
Okawaru
Ru
Vehumet
Yredelemnul
Zin

Shops:
D:1 ?

Annotations:
D:6 Jeremiah


Message History

Jeremiah closely misses you. Jeremiah closely misses you.
The butterfly disappears in a burst of colours! x2
Jeremiah closely misses you. Jeremiah completely misses you.
The butterfly disappears in a burst of colours!
Jeremiah misses you.
The butterfly disappears in a burst of colours!
Jeremiah completely misses you.
The butterfly disappears in a burst of colours! x2
Jeremiah hits you from afar with a +4 trident of draining.
You feel drained.
You shoot an arrow. The arrow hits Jeremiah!
Jeremiah is heavily wounded.
The butterfly disappears in a burst of colours! x3
Jeremiah misses you.
You shoot an arrow.
The arrow hits Jeremiah but does no damage.
Jeremiah is heavily wounded.
The butterfly disappears in a burst of colours!
Jeremiah misses you.
The butterfly disappears in a burst of colours!
Jeremiah hits you from afar with a +4 trident of draining!
You feel drained.
5736 ||| READING scroll of teleportation.
As you read the scroll of teleportation, it crumbles to dust.
You feel strangely unstable.
The butterfly disappears in a burst of colours!
Jeremiah misses you.
Enter note:
Enter note:
Enter note: You shoot an arrow.
The arrow closely misses the butterfly. x2
The butterfly disappears in a burst of colours! x2
Jeremiah closely misses you.
The butterfly disappears in a burst of colours! x2
Jeremiah throws their arms up pleadingly.
Something smites you!
You die...
Jeremiah says, "O terrible one, your will is done."

.... .... .......
.... ....... .b...
....... .....
...... ###bb.bb.
.......###.#bb....
....#...%..bFb.b#
##....#....@bbbbb#
.......(..##)b#...#
......##.# ..)...#
.#....##.# #).....
##.....##
......o...
#..#....#
#......... #.
#..### ..####... #
##..# .## #..##
.... #..## ..# #..#


You could see Jeremiah.

Vanquished Creatures
  Pikel (D:4)
  Eustachio (D:5)
  An ogre (D:5)
  A centaur (D:5)
  A lemure (D:4)
  A phantom (D:4)
  A scorpion (D:4)
  8 killer bees
  A bombardier beetle (D:5)
  A hound (D:4)
  A jelly (D:5)
  2 sleepcaps
  Natasha (thrice) (D:2)
  4 iguanas
  An orc wizard (D:5)
  8 mummies (Ossuary)
  Robin (D:2)
  10 adders
  8 gnolls (D:5)
  2 dart slugs (D:1)
  3 ribbon worms
  15 orcs
  5 ball pythons
  4 endoplasms
  11 goblins
  13 hobgoblins
  10 jackals (D:1)
  A quokka (D:1)
  5 bats
  5 frilled lizards
  3 gnoll zombies (Ossuary)
  2 hobgoblin zombies (Ossuary)
  9 kobolds
  2 kobold zombies (Ossuary)
  An orc zombie (Ossuary)
  4 rats
150 creatures vanquished.

Notes
Turn   | Place    | Note
-------+----------+-------------------------------------------
     0 | D:1      | qw the Spriggan Hunter began the quest for the Orb.
     0 | D:1      | Reached XP level 1. HP: 10/10 MP: 2/2
     0 | D:1      | 0 ||| qw: Version: 0.3-a-155-g5e7d8dd
     0 | D:1      | 0 ||| qw: Game counter: 1400
     0 | D:1      | 0 ||| qw: Melee chars always use a shield: true
     0 | D:1      | 0 ||| qw: God list: Okawaru
     0 | D:1      | 0 ||| qw: Allow faded altars: false
     0 | D:1      | 0 ||| qw: Do Orc after clearing Dungeon:15 true
     0 | D:1      | 0 ||| qw: Do second Lair branch before Depths: true
     0 | D:1      | 0 ||| qw: Lair rune preference: random
     0 | D:1      | 0 ||| qw: Goals: Normal
     0 | D:1      | 0 ||| PLANNING D:1-11
    16 | D:1      | Reached skill level 3 in Dodging
    23 | D:1      | 23 ||| RETREEEEATING.
    24 | D:1      | 24 ||| RETREEEEATING.
    25 | D:1      | 25 ||| RETREEEEATING.
    33 | D:1      | Reached XP level 2. HP: 9/14 MP: 3/3
    74 | D:1      | Reached skill level 4 in Dodging
   232 | D:1      | Reached XP level 3. HP: 18/18 MP: 4/4
   241 | D:1      | Found Molideh's Magic Scroll Shop.
   260 | D:1      | 260 ||| SHOPLISTING scroll of brand weapon (114 gold, have
                  | 3).
   260 | D:1      | 260 ||| SHOPLISTING scroll of identify (24 gold, have 3).
   260 | D:1      | 260 ||| SHOPLISTING scroll of teleportation (36 gold, have
                  | 3).
   550 | D:1      | 550 ||| UPGRADING to ring of protection from fire.
   551 | D:1      | 551 ||| UPGRADING to +6 ring of dexterity.
   552 | D:1      | 552 ||| READING scroll labelled TUIZOW IREHARPH.
   653 | D:1      | 653 ||| READING scroll labelled SIODYR IMIQIBO.
   653 | D:1      | 653 ||| ENCHANTING +0 shortbow.
   654 | D:1      | 654 ||| READING scroll labelled BELUNA DYKEDO.
   657 | D:1      | 657 ||| READING 3 scrolls labelled CANAUTTOAK.
   657 | D:1      | 657 ||| IDENTIFYING puce potion
   658 | D:1      | 658 ||| READING 2 scrolls of identify.
   658 | D:1      | 658 ||| IDENTIFYING orange potion
   659 | D:1      | 659 ||| READING scroll of identify.
   659 | D:1      | 659 ||| IDENTIFYING viscous dark potion
   660 | D:1      | 660 ||| READING scroll labelled YJEIM GYBIDUXT.
   660 | D:1      | 660 ||| ENCHANTING +1 shortbow.
   661 | D:1      | 661 ||| READING scroll labelled SYD FOWANAEKH.
   662 | D:1      | 662 ||| DROPPING scroll of butterflies.
   663 | D:1      | 663 ||| DROPPING potion of berserk rage.
   952 | D:2      | Reached XP level 4. HP: 22/22 MP: 5/5
   970 | D:2      | Reached skill level 5 in Dodging
   999 | D:2      | Noticed Natasha
  1004 | D:2      | Killed Natasha
  1115 | D:2      | Noticed Robin
  1118 | D:2      | Killed Robin
  1129 | D:2      | Reached XP level 5. HP: 25/25 MP: 6/6
  1160 | D:2      | Found a faded altar of an unknown god.
  1202 | D:2      | Noticed Natasha
  1205 | D:2      | Killed Natasha
  1206 | D:2      | Reached skill level 6 in Dodging
  1269 | D:2      | Noticed Natasha
  1273 | D:2      | Killed Natasha
  1330 | D:2      | 1330 ||| READING 2 scrolls of identify.
  1330 | D:2      | 1330 ||| IDENTIFYING blue potion
  1331 | D:2      | 1331 ||| READING scroll of identify.
  1331 | D:2      | 1331 ||| IDENTIFYING 2 white potions
  1332 | D:2      | 1332 ||| DRINKING 2 fuming green potions.
  1333 | D:2      | 1333 ||| DROPPING potion of brilliance.
  1934 | D:3      | Found a faded altar of an unknown god.
  1945 | D:3      | Found a basalt altar of Yredelemnul.
  2093 | D:3      | Found a sparkling altar of Nemelex Xobeh.
  2178 | D:3      | 2178 ||| READING scroll labelled ZEABEC KUYSK.
  2249 | D:4      | 2249 ||| FLEEEEING.
  2250 | D:4      | 2250 ||| FLEEEEING.
  2403 | D:4      | Noticed a phantom
  2416 | D:4      | Killed a phantom
  2417 | D:4      | Reached skill level 6 in Ranged Weapons
  2417 | D:4      | Reached XP level 6. HP: 15/30 MP: 7/7
  2703 | D:4      | Noticed Pikel
  2704 | D:4      | 2704 ||| RETREEEEATING.
  2706 | D:4      | 2706 ||| RETREEEEATING.
  2709 | D:4      | 2709 ||| RETREEEEATING.
  2716 | D:4      | 2716 ||| RETREEEEATING.
  2717 | D:4      | 2717 ||| RETREEEEATING.
  2719 | D:4      | 2719 ||| RETREEEEATING.
  2720 | D:4      | 2720 ||| RETREEEEATING.
  2721 | D:4      | 2721 ||| RETREEEEATING.
  2726 | D:4      | 2726 ||| RETREEEEATING.
  2733 | D:4      | HP: 7/30 [Pikel/+0 whip of flaming (6)]
  2734 | D:4      | 2734 ||| READING 3 scrolls of teleportation.
  2735 | D:4      | 2735 ||| DRINKING potion of heal wounds.
  2736 | D:4      | Killed Pikel
  2737 | D:4      | Reached skill level 9 in Dodging
  2737 | D:4      | Reached XP level 7. HP: 35/35 MP: 8/8
  3249 | D:4      | 3249 ||| READING scroll labelled ROESHRAC MASE.
  3250 | D:4      | 3250 ||| READING scroll labelled HIUT GERYURU.
  3271 | D:5      | Entered Level 5 of the Dungeon
  3272 | D:5      | 3272 ||| PLANNING OSSUARY
  3272 | D:5      | 3272 ||| STAIRDANCE
  3279 | D:4      | HP: 7/35 [killer bee (5)]
  3280 | D:4      | 3280 ||| READING 3 scrolls of teleportation.
  3408 | D:5      | 3408 ||| STAIRDANCE
  3415 | D:4      | Reached XP level 8. HP: 36/39 MP: 9/9
  3550 | D:5      | HP: 7/39 [burnt (3)]
  3717 | D:5      | 3717 ||| RETREEEEATING.
  3718 | D:5      | 3718 ||| RETREEEEATING.
  3924 | D:5      | Reached skill level 3 in Fighting
  3963 | D:5      | Found a sand-covered staircase.
  3964 | D:5      | 3964 ||| READING scroll of identify.
  3964 | D:5      | 3964 ||| IDENTIFYING bubbling brown potion
  3965 | D:5      | 3965 ||| READING scroll labelled DOOQ HAATOASM.
  3965 | D:5      | 3965 ||| BRANDING +1 shortbow.
  3966 | D:5      | 3966 ||| DROPPING potion of degeneration.
  3971 | Ossuary  | Entered an ossuary
  4118 | Ossuary  | 4118 ||| READING scroll of enchant weapon.
  4118 | Ossuary  | 4118 ||| ENCHANTING +1 shortbow of flaming.
  4144 | Ossuary  | 4144 ||| DRINKING 2 cyan potions.
  4145 | Ossuary  | 4145 ||| DROPPING potion of attraction.
  4165 | D:5      | 4165 ||| PLANNING D:1-11
  4366 | D:5      | Found a sacrificial altar of Ru.
  4639 | D:5      | Reached skill level 9 in Ranged Weapons
  4747 | D:5      | Found a staircase to the Ecumenical Temple.
  4748 | D:5      | 4748 ||| PLANNING TEMPLE
  4748 | D:5      | 4748 ||| SWAPPING to +0 orcbow.
  4749 | D:5      | 4749 ||| DROPPING +2 shortbow of flaming.
  4750 | D:5      | 4750 ||| READING scroll of identify.
  4750 | D:5      | 4750 ||| IDENTIFYING purple potion
  4756 | Temple   | Entered the Ecumenical Temple
  4757 | Temple   | 4757 ||| PLANNING OKAWARU WORSHIP
  4765 | Temple   | Became a worshipper of Warmaster Okawaru
  4766 | Temple   | 4766 ||| PLANNING D:1-11
  4907 | D:6      | Noticed Eustachio
  4915 | D:6      | 4915 ||| STAIRDANCE
  4919 | D:6      | 4919 ||| STAIRDANCE
  4925 | D:5      | 4925 ||| FLEEEEING.
  4926 | D:5      | 4926 ||| FLEEEEING.
  4927 | D:5      | 4927 ||| FLEEEEING.
  4933 | D:5      | 4933 ||| FLEEEEING.
  4934 | D:5      | 4934 ||| FLEEEEING.
  4936 | D:5      | 4936 ||| RETREEEEATING.
  4937 | D:5      | 4937 ||| RETREEEEATING.
  4938 | D:5      | 4938 ||| RETREEEEATING.
  4951 | D:5      | 4951 ||| FLEEEEING.
  4952 | D:5      | 4952 ||| FLEEEEING.
  4953 | D:5      | 4953 ||| FLEEEEING.
  4954 | D:5      | 4954 ||| FLEEEEING.
  4955 | D:5      | 4955 ||| FLEEEEING.
  4956 | D:5      | 4956 ||| FLEEEEING.
  4957 | D:5      | 4957 ||| FLEEEEING.
  4958 | D:5      | 4958 ||| FLEEEEING.
  4959 | D:5      | 4959 ||| FLEEEEING.
  4964 | D:5      | 4964 ||| FLEEEEING.
  4965 | D:5      | 4965 ||| FLEEEEING.
  4966 | D:5      | 4966 ||| FLEEEEING.
  4967 | D:5      | 4967 ||| FLEEEEING.
  4968 | D:5      | 4968 ||| FLEEEEING.
  4969 | D:5      | 4969 ||| FLEEEEING.
  4970 | D:5      | 4970 ||| FLEEEEING.
  4971 | D:5      | 4971 ||| FLEEEEING.
  4972 | D:5      | 4972 ||| FLEEEEING.
  4973 | D:5      | 4973 ||| FLEEEEING.
  4974 | D:5      | 4974 ||| FLEEEEING.
  4975 | D:5      | 4975 ||| FLEEEEING.
  4976 | D:5      | 4976 ||| FLEEEEING.
  4977 | D:5      | 4977 ||| FLEEEEING.
  4978 | D:5      | 4978 ||| FLEEEEING.
  4979 | D:5      | 4979 ||| FLEEEEING.
  4980 | D:5      | 4980 ||| FLEEEEING.
  4981 | D:5      | 4981 ||| FLEEEEING.
  4983 | D:5      | 4983 ||| FLEEEEING.
  4984 | D:5      | 4984 ||| FLEEEEING.
  4986 | D:5      | 4986 ||| FLEEEEING.
  4987 | D:5      | 4987 ||| FLEEEEING.
  4988 | D:5      | 4988 ||| FLEEEEING.
  4990 | D:5      | 4990 ||| FLEEEEING.
  4991 | D:5      | 4991 ||| FLEEEEING.
  4992 | D:5      | 4992 ||| FLEEEEING.
  4994 | D:5      | 4994 ||| FLEEEEING.
  4995 | D:5      | 4995 ||| STAIRDANCE
  5049 | D:5      | Killed Eustachio
  5137 | D:6      | Noticed Jeremiah
  5138 | D:6      | 5138 ||| DRINKING potion of haste.
  5208 | D:6      | 5208 ||| FLEEEEING.
  5209 | D:6      | 5209 ||| FLEEEEING.
  5211 | D:6      | 5211 ||| FLEEEEING.
  5221 | D:6      | 5221 ||| FLEEEEING.
  5222 | D:6      | 5222 ||| FLEEEEING.
  5223 | D:6      | 5223 ||| FLEEEEING.
  5227 | D:6      | 5227 ||| FLEEEEING.
  5228 | D:6      | 5228 ||| FLEEEEING.
  5230 | D:6      | 5230 ||| FLEEEEING.
  5233 | D:6      | 5233 ||| FLEEEEING.
  5234 | D:6      | 5234 ||| STAIRDANCE
  5286 | D:6      | 5286 ||| STAIRDANCE
  5331 | D:6      | 5331 ||| STAIRDANCE
  5399 | D:6      | 5399 ||| FLEEEEING.
  5400 | D:6      | 5400 ||| STAIRDANCE
  5445 | D:6      | 5445 ||| STAIRDANCE
  5511 | D:6      | HP: 7/31 [Jeremiah/+4 trident of draining (8)]
  5512 | D:6      | 5512 ||| READING 2 scrolls of teleportation.
  5512 | D:6      | HP: 2/30 [Jeremiah/+4 trident of draining (4)]
  5513 | D:6      | 5513 ||| DRINKING 3 potions of heal wounds.
  5607 | D:6      | Reached skill level 10 in Dodging
  5607 | D:6      | Reached XP level 9. HP: 34/34 MP: 10/10
  5735 | D:6      | HP: 8/33 [Jeremiah/+4 trident of draining (2)]
  5736 | D:6      | 5736 ||| READING scroll of teleportation.
  5738 | D:6      | Killed from afar by Jeremiah

Levels and vault maps discovered:
D:1:      mushboom_english_gardens, layout_basic, serial_shops,
          nicolae_square_shop, amcnicky_mini_corridor_feature
D:2:      layout_loops_ring, ebering_ecumenical_altar_abandoned, uniq_natasha,
          uniq_robin
D:3:      layout_basic, nemelex_spade_bored_becter,
          nicolae_overflow_ecumenical_swirl, minmay_misc_feat_rugged
D:4:      layout_basic, minmay_cupped, uniq_pikel
D:5:      layout_basic, kennysheep_mini_moat,
          minmay_temple_entry_enclosed_plants,
          nicolae_ossuary_entry_false_entrances
D:6:      layout_layer_cave, grunt_dithmenos_smoke, nicolae_letterblocks
          [nicolae_letter_subblock, nicolae_letter_subblock,
          nicolae_letter_subblock, nicolae_letter_subblock,
          nicolae_letter_subblock, nicolae_letter_subblock,
          nicolae_letter_subblock, nicolae_letter_subblock,
          nicolae_letter_subblock, nicolae_letter_subblock,
          nicolae_letter_subblock, nicolae_letter_subblock,
          nicolae_letter_subblock, nicolae_letter_subblock,
          nicolae_letter_subblock, nicolae_letter_subblock,
          nicolae_letter_subblock, nicolae_letter_subblock,
          nicolae_letter_subblock, nicolae_letter_subblock,
          nicolae_letter_subblock, nicolae_letter_subblock,
          nicolae_letter_subblock, nicolae_letter_subblock,
          nicolae_letter_subblock], uniq_edmund, uniq_jeremiah, uniq_eustachio
Temple:   nicolae_temple_superstar

Skill      XL: |  1  2  3  4  5  6  7  8 |
---------------+-------------------------+-----
Dodging        | 3 4 5 6 9 10 | 10.0
Ranged Weapons | 5 6 7 9 |  9.5
Fighting       | 2 3 |  3.0
Stealth        | |  1.5

Action                     |  1- 3 |  4- 6 |  7- 9 || total
---------------------------+-------+-------+-------++-------
   Fire: Shortbow          |   109 |   146 |   225 ||   480
         Orcbow            |       |       |    88 ||    88
    Use: Scroll            |     8 |     4 |     9 ||    21
         Potion            |       |     2 |     3 ||     5
 Armour: Robe              |    11 |    15 |    42 ||    68
  Dodge: Dodged            |    38 |    33 |   199 ||   270

Table legend:
 A = Non-vault XP
 B = Vault XP
 C = Vault XP percentage of total XP
 D = Non-vault monster count
 E = Vault monster count
 F = Vault count percentage of total count
                 A         B        C        D         E       F
            +---------+---------+-------+---------+---------+-------
      Total |    1752 |    1075 |  38.0 |     114 |      35 |  23.5
            +---------+---------+-------+---------+---------+-------
        D:1 |      60 |       0 |   0.0 |      32 |       0 |   0.0
        D:2 |     136 |      74 |  35.2 |      17 |      14 |  45.2
        D:3 |      45 |       0 |   0.0 |      12 |       0 |   0.0
        D:4 |     510 |     647 |  55.9 |      20 |       4 |  16.7
        D:5 |     895 |     202 |  18.4 |      24 |       1 |   4.0
        D:6 |     106 |       0 |   0.0 |       9 |       0 |   0.0
    Ossuary |       0 |     152 | 100.0 |       0 |      16 | 100.0
            +---------+---------+-------+---------+---------+-------
